 Dungeon Crawl Stone Soup version 0.17.0-9-g801d43b (webtiles) character file.

60263 inmateoo the Martial Artist (level 14, -3/106 HPs)
             Began as a Demigod Transmuter on Nov 9, 2015.
             Slain by a catoblepas (4 damage)
             ... on level 8 of the Lair of Beasts.
             The game lasted 00:59:10 (25904 turns).

inmateoo the Martial Artist (Demigod Transmuter)   Turns: 25904, Time: 00:59:12

Health: -3/106     AC: 15    Str: 22    XL:     14   Next: 20%
Magic:  0/30       EV:  4    Int: 25    God:
Gold:   1498       SH:  0    Dex: 16    Spells: 6 memorised, 10 levels left

rFire  + . .     SeeInvis .       - Unarmed
rCold  + + .     Rnd*Rage +     b - +0 robe
rNeg   + + +     SustAt   +     Q - +0 buckler {AC+3}
rPois  ∞         Gourm    .     G - +0 hat
rElec  +         Spirit   +     Z - +2 cloak
rCorr  +         Warding  .     z - +0 pair of gloves
rMut   .         Stasis   .     I - +2 pair of boots
MR     +....                    L - amulet of guardian spirit
Stlth  ++........               Y - ring "Ukau" {rC+ Str+2 Slay+2}
                                i - +3 ring of protection

@: mighty, resistant, petrified, very slightly contaminated, hasted, somewhat
resistant to hostile enchantments, unstealthy
A: horns 1, repulsion field 1, berserk 1, frail 1, high mp 1, mutation
resistance 1, strong 1, sustain attributes, MP-powered wands
a: no special abilities


You were on level 8 of the Lair of Beasts.
You were hungry.

You visited 2 branches of the dungeon, and saw 21 of its levels.

You collected 1642 gold pieces.
You spent 144 gold pieces at shops.

Inventory:

Missiles
 a - 187 arrows
Armour
 b - a +0 robe (worn)
 z - a +0 pair of gloves (worn)
 G - a +0 hat (worn)
 I - a +2 pair of boots (worn)
 Q - a +0 buckler of protection (worn)
 Z - a +2 cloak (worn)
Magical Staves
 m - an uncursed staff of wizardry
Rods
 S - a +4 rod of shadows (15/15)
   (You found it on level 1 of the Lair of Beasts)
Jewellery
 g - an uncursed ring of protection from magic
 i - a +3 ring of protection (left hand)
 q - an uncursed ring of fire
 u - an uncursed ring of protection from fire
 w - an uncursed ring of poison resistance
 E - an uncursed ring of ice
 L - an amulet of guardian spirit (around neck)
 T - an uncursed ring of flight
 Y - the ring "Ukau" (right hand) {rC+ Str+2 Slay+2}
   (You found it on level 3 of the Lair of Beasts)

   [ring of slaying]

   It affects your strength (+2).
   It affects your accuracy and damage with ranged weapons and melee attacks
   (+2).
   It protects you from cold.
Wands
 r - a wand of teleportation (5)
 s - a wand of polymorph (13)
 y - a wand of lightning (4)
 A - a wand of disintegration (0)
 B - a wand of digging (2)
 R - a wand of draining (4)
Scrolls
 x - 7 scrolls of magic mapping
 D - 5 scrolls of remove curse
 P - 3 scrolls of teleportation
 V - 4 scrolls of enchant armour
 X - a scroll of blinking
Potions
 e - 4 potions of cancellation
 h - a potion of heal wounds
 j - 3 potions of invisibility
 k - 4 potions of resistance
 l - 2 potions of haste
 o - 3 potions of flight
 p - 2 potions of might
 C - a potion of berserk rage {unknown}
 F - 3 potions of agility
 H - a potion of magic {unknown}
 J - a potion of beneficial mutation {unknown}
 M - 4 potions of brilliance
 U - 5 potions of curing
Books
 t - a book of Flames

   Spells                             Type                      Level
   a - Flame Tongue                   Conjuration/Fire             1
   b - Throw Flame                    Conjuration/Fire             2
   c - Conjure Flame                  Conjuration/Fire             3
   d - Inner Flame                    Hexes/Fire                   3
   e - Sticky Flame                   Conjuration/Fire             4
   f - Fireball                       Conjuration/Fire             5
 v - a book of Fire

   Spells                             Type                      Level
   a - Ignite Poison                  Fire/Transmutation/Poison    3
   b - Fireball                       Conjuration/Fire             5
   c - Bolt of Fire                   Conjuration/Fire             6
   d - Delayed Fireball               Conjuration/Fire             7
   e - Ring of Flames                 Charms/Fire                  7
 N - a book of Annihilations

   Spells                             Type                      Level
   a - Poison Arrow                   Conjuration/Poison           6
   b - Chain Lightning                Conjuration/Air              8
   c - Lehudib's Crystal Spear        Conjuration/Earth            8
   d - Glaciate                       Conjuration/Ice              9
   e - Fire Storm                     Conjuration/Fire             9
Miscellaneous
 c - a stone of tremors
 W - a fan of gales (inert)
Comestibles
 d - 13 bread rations
 f - 13 meat rations
 n - 5 slices of pizza
 K - 32 fruits
 O - a chunk of flesh


   Skills:
 - Level 9.0 Fighting
 + Level 9.6 Dodging
 - Level 5.0 Shields
 * Level 13.1 Unarmed Combat
 - Level 8.0 Spellcasting
 + Level 9.3 Transmutations
 - Level 6.0 Fire Magic
 - Level 3.1 Ice Magic
 - Level 4.0 Evocations


You had 10 spell levels left.
You knew the following spells:

 Your Spells              Type           Power        Failure   Level  Hunger
a - Conjure Flame         Conj/Fire      ####....     6%          3    None
b - Shroud of Golubria    Chrm/Tloc      ##........   10%         2    None
c - Spider Form           Trmt/Pois      ####......   2%          3    None
d - Ice Form              Ice/Trmt       #####...     6%          4    ##.....
e - Blade Hands           Trmt           ######....   4%          5    ####...
f - Blink                 Tloc           N/A          10%         2    None


Dungeon Overview and Level Annotations

Branches:
Dungeon (13/15)            Temple (0/1) D:5            Lair (8/8) D:8
  Swamp (0/4) Lair:3        Snake (0/4) Lair:3        Slime (0/6) Lair:7
    Orc (0/4) D:10
 Vaults: D:13-14

Shops:
D:5 !

Annotations:
D:4 Dustman's ghost, novice HuGl


Innate Abilities, Weirdness & Mutations

You have an increased reservoir of magic (+10% MP).
Your attributes are resistant to harm.
You have a pair of small horns on your head.
You are surrounded by a mild repulsion field (EV +2).
You tend to lose your temper in combat.
You are frail (-10% HP).
You are somewhat resistant to further mutation.
Your muscles are strong. (Str +2)
You expend magic power (3 MP) to strengthen your wands.


Message History

* * * LOW HITPOINT WARNING * * *
Your air elemental hits the death yak.
You are engulfed in calcifying dust.
You are feeling hungry.
Your air elemental hits the death yak.
The death yak gores your air elemental!!
Your air elemental hits the death yak!
The catoblepas gores you but does no damage.
You are engulfed in calcifying dust.
Your air elemental hits the death yak!
Your air elemental hits the death yak.
The death yak gores your air elemental! The catoblepas gores you!
* * * LOW HITPOINT WARNING * * *
Your air elemental hits the death yak but does no damage.
You are engulfed in calcifying dust.
Your air elemental barely misses the death yak.
Your air elemental hits the death yak but does no damage.
The death yak gores your air elemental!
Your air elemental is destroyed!
The catoblepas gores you!
You die...

### ######
#@###....#######
####Y#...........##
###.P##Y.P.......÷..##
#......Y#######...†..#
##..PY### ###.÷...
#P..Y÷.Y.... ###...
##..Y.Y...#. ###.
#.#..Y...# ##
#.##....#.# #


You could see 2 death yaks and a catoblepas.

Vanquished Creatures
  Snorg (Lair:7)
  4 hydras
  A death yak (Lair:8)
  A dancing weapon (D:13)
  3 hill giants (D:11)
  2 ugly things
  35 elephants
  An oklob plant (Lair:3)
  2 centaur zombies (D:12)
  19 spiny frogs
  12 black mambas
  3 gargoyles
  4 fire drakes
  9 komodo dragons
  2 trolls
  A polar bear (Lair:8)
  4 boulder beetles
  A two-headed ogre (D:11)
  4 slime creatures (D:8)
  A trapdoor spider zombie (D:12)
  13 blink frogs
  A deep elf mage (D:10)
  A basilisk (Lair:7)
  2 wraiths
  2 wyverns
  A steam dragon (D:10)
  4 vampire mosquitoes (D:11)
  9 hippogriffs
  A hungry ghost (D:9)
  30 yaks
  9 wolves
  20 water moccasins
  3 ice beasts
  11 porcupines
  2 wasps
  7 sky beasts
  A black bear (Lair:8)
  8 orc warriors
  5 phantoms
  9 crocodiles
  2 necrophages
  4 ogres
  3 centaurs
  A brain worm (Lair:5)
  3 big kobolds
  17 giant frogs
  2 wyvern zombies
  4 scorpions
  11 killer bees
  5 electric eels
  7 wights
  3 crimson imps
  8 orc priests
  3 jellies
  A quasit (D:10)
  Crazy Yiuf (D:2)
  Ijyb (D:2)
  7 hounds
  12 orc wizards
  3 giant frog skeletons
  4 worker ants
  4 centaur skeletons
  9 hell rats
  A killer bee zombie (D:8)
  5 iguanas
  8 sheep (Lair:7)
  4 hound zombies
  A hound skeleton (D:11)
  19 adders
  56 river rats
  A worker ant zombie (D:7)
  4 gnolls (D:5)
  7 shadow imps
  2 adder zombies
  A worm (D:4)
  5 giant geckos
  50 orcs
  6 giant cockroaches
  17 goblins
  6 hobgoblins
  12 jackals
  22 kobolds
  5 quokkas
  3 ball pythons
  8 bats
  A giant cockroach zombie (D:5)
  A giant gecko skeleton (D:5)
  5 giant newts
  A jackal zombie (D:3)
  2 quokka skeletons (D:4)
  11 rats
  2 fungi (Lair:6)
  A plant (Lair:3)
631 creatures vanquished.

Vanquished Creatures (collateral kills)
  2 hydras
  A spiny frog (Lair:1)
  4 killer bees (D:9)
7 creatures vanquished.

Vanquished Creatures (others)
  10 fungi
  7 plants
17 creatures vanquished.

Grand Total: 655 creatures vanquished

Notes
Turn   | Place    | Note
--------------------------------------------------------------
     0 | D:1      | inmateoo the Demigod Transmuter began the quest for the Orb.
     0 | D:1      | Reached XP level 1. HP: 15/15 MP: 5/5
    43 | D:1      | Reached skill level 1 in Fighting
   483 | D:1      | Reached XP level 2. HP: 23/23 MP: 7/7
   656 | D:1      | Reached skill level 3 in Unarmed Combat
   845 | D:1      | Learned a level 2 spell: Sticks to Snakes
  1282 | D:2      | Reached XP level 3. HP: 20/28 MP: 6/8
  1410 | D:2      | Noticed Ijyb
  1440 | D:2      | HP: 1/28 [Ijyb (4)]
  1442 | D:2      | Killed Ijyb
  1998 | D:2      | Found a faded altar to an unknown god.
  2247 | D:2      | Reached XP level 4. HP: 32/36 MP: 10/10
  2412 | D:2      | Noticed an ogre
  2424 | D:2      | Killed an ogre
  2424 | D:2      | Reached XP level 5. HP: 13/41 MP: 9/11
  2715 | D:2      | Noticed Crazy Yiuf
  2731 | D:2      | Killed Crazy Yiuf
  3182 | D:3      | Reached skill level 4 in Unarmed Combat
  3281 | D:3      | Found a snail-covered altar of Cheibriados.
  4028 | D:4      | Noticed Dustman's ghost (novice HuGl)
  4060 | D:4      | Got an iridescent spear
  4061 | D:4      | Identified the +0 spear of Walifruh {holy, rC+} (You found it on level 4 of the Dungeon)
  4203 | D:4      | Learned a level 3 spell: Spider Form
  4487 | D:4      | Reached XP level 6. HP: 40/48 MP: 8/13
  4577 | D:5      | Entered Level 5 of the Dungeon
  5303 | D:5      | Found Wetzipla's Distillery.
  5307 | D:5      | Bought a potion of heal wounds for 60 gold pieces
  5307 | D:5      | Bought a potion of curing for 36 gold pieces
  5307 | D:5      | Bought a potion of brilliance for 48 gold pieces
  5312 | D:5      | Learned a level 4 spell: Ice Form
  5317 | D:5      | Found a staircase to the Ecumenical Temple.
  5434 | D:5      | Reached skill level 5 in Unarmed Combat
  5586 | D:5      | Reached XP level 7. HP: 56/56 MP: 14/14
  6168 | D:5      | Found an opulent altar of Gozag.
  6181 | D:5      | Found a basalt altar of Yredelemnul.
  6181 | D:5      | Found a shimmering altar of Xom.
  6185 | D:5      | Found a stormy altar of Qazlal.
  6186 | D:5      | Found a white marble altar of Elyvilon.
  6263 | D:6      | Found a white marble altar of Elyvilon.
  6541 | D:6      | Found an iron altar of Okawaru.
  7035 | D:6      | Reached XP level 8. HP: 55/66 MP: 9/16
  7201 | D:7      | Reached skill level 6 in Unarmed Combat
  7201 | D:7      | Reached skill level 1 in Ice Magic
  8668 | D:7      | Reached skill level 7 in Unarmed Combat
  8861 | D:8      | Learned a level 5 spell: Blade Hands
  8881 | D:8      | Found a burning altar of Makhleb.
  8929 | D:8      | Reached XP level 9. HP: 72/72 MP: 14/18
  9010 | D:8      | Gained mutation: You are surrounded by a mild repulsion field (EV +2). [mutagenic meat]
  9011 | D:8      | Gained mutation: Armour fits poorly on your strangely shaped body. [mutagenic meat]
  9012 | D:8      | Lost mutation: Armour fits poorly on your strangely shaped body. [mutagenic meat]
  9013 | D:8      | Gained mutation: You expend magic power (3 MP) to strengthen your wands. [mutagenic meat]
  9014 | D:8      | Gained mutation: You have a pair of small horns on your head. [mutagenic meat]
  9015 | D:8      | Gained mutation: You are somewhat resistant to further mutation. [mutagenic meat]
  9240 | D:8      | Reached skill level 5 in Transmutations
  9249 | D:8      | Reached skill level 5 in Dodging
  9252 | D:8      | Reached skill level 5 in Fighting
  9511 | D:8      | Gained mutation: Your muscles are strong. (Str +2) [mutagenic meat]
  9546 | D:8      | Reached skill level 8 in Unarmed Combat
  9651 | D:8      | Found a staircase to the Lair.
 10245 | D:8      | Reached skill level 5 in Spellcasting
 10542 | D:9      | Reached XP level 10. HP: 81/81 MP: 13/21
 10631 | D:9      | Found a sacrificial altar of Ru.
 10634 | D:9      | Found a radiant altar of Vehumet.
 10635 | D:9      | Found an ancient bone altar of Kikubaaqudgha.
 10635 | D:9      | Found a shadowy altar of Dithmenos.
 10636 | D:9      | Found a sparkling altar of Nemelex Xobeh.
 10637 | D:9      | Found a shattered altar of Ashenzari.
 10940 | D:9      | Found a blossoming altar of Fedhas.
 11136 | D:10     | Entered Level 10 of the Dungeon
 11221 | D:10     | Found a glowing golden altar of the Shining One.
 11235 | D:10     | Reached skill level 9 in Unarmed Combat
 12577 | D:10     | Found a staircase to the Orcish Mines.
 13331 | D:11     | Gained mutation: You have a pair of horns on your head. [mutagenic meat]
 13337 | D:11     | Noticed a hill giant
 13358 | D:11     | Reached XP level 11. HP: 87/91 MP: 10/23
 13382 | D:11     | Gained mutation: You tend to lose your temper in combat. [mutagenic meat]
 13696 | D:11     | Killed a hill giant
 13696 | D:11     | Reached skill level 10 in Unarmed Combat
 13919 | D:11     | Noticed a hill giant
 13941 | D:11     | Killed a hill giant
 15350 | D:12     | Identified a scroll of acquirement
 15537 | D:13     | Noticed an enchanted long sword
 15545 | D:13     | Killed an enchanted long sword
 15863 | Lair:1   | Entered Level 1 of the Lair of Beasts
 15864 | Lair:1   | Noticed an eight-headed hydra
 15873 | Lair:1   | HP: 3/110 [eight-headed hydra (8)]
 15877 | Lair:1   | Killed an eight-headed hydra
 15877 | Lair:1   | Reached skill level 11 in Unarmed Combat
 15883 | Lair:1   | HP: 5/110 [spiny frog (1)]
 16292 | Lair:1   | Learned a level 3 spell: Conjure Flame
 16586 | Lair:1   | Gained mutation: You are frail (-10% HP). [potion of mutation]
 16666 | Lair:1   | Reached skill level 1 in Fire Magic
 16924 | Lair:2   | Identified a +0 rod of shadows (12/12) (You found it on level 1 of the Lair of Beasts)
 16956 | Lair:2   | Noticed a seven-headed hydra
 16960 | Lair:2   | Killed a seven-headed hydra
 16960 | Lair:2   | Reached XP level 12. HP: 90/90 MP: 19/26
 17458 | Lair:3   | Found a staircase to the Swamp.
 17604 | Lair:3   | Reached skill level 1 in Evocations
 17830 | Lair:3   | Got a smoking granite ring
 17832 | Lair:3   | Identified the ring "Ukau" {rC+ Str+2 Slay+2} (You found it on level 3 of the Lair of Beasts)
 18279 | Lair:3   | Found a staircase to the Snake Pit.
 18946 | Lair:4   | Noticed a five-headed hydra
 18952 | Lair:4   | Killed a five-headed hydra
 19019 | Lair:4   | Noticed an eight-headed hydra
 19028 | Lair:4   | Killed an eight-headed hydra
 19665 | Lair:5   | Reached skill level 1 in Shields
 20345 | Lair:5   | Reached XP level 13. HP: 78/97 MP: 18/28
 20354 | Lair:5   | Reached skill level 5 in Fire Magic
 20860 | Lair:6   | Reached skill level 12 in Unarmed Combat
 22459 | Lair:6   | Got an encrusted scale mail
 22470 | Lair:6   | Identified the +5 scale mail of the Volcano {rN+ Stlth+} (You found it on level 6 of the Lair of Beasts)
 22641 | Lair:7   | Learned a level 2 spell: Shroud of Golubria
 22644 | Lair:7   | Learned a level 2 spell: Blink
 22746 | Lair:7   | Noticed Snorg
 22761 | Lair:7   | Killed Snorg
 22957 | Lair:7   | Found a staircase to the Slime Pits.
 22957 | Lair:7   | Found a viscous altar of Jiyva.
 23666 | Lair:8   | Entered Level 8 of the Lair of Beasts
 23704 | Lair:8   | Lost mutation: You have a pair of horns on your head. [potion of mutation]
 24184 | Lair:8   | Reached XP level 14. HP: 52/106 MP: 19/30
 25249 | Lair:8   | Reached skill level 13 in Unarmed Combat
 25282 | Lair:8   | Reached skill level 5 in Shields
 25901 | Lair:8   | HP: 4/106 [catoblepas (12)]
 25903 | Lair:8   | HP: 1/106 [catoblepas (4)]
 25904 | Lair:8   | Slain by a catoblepas

Action                   |  1- 3 |  4- 6 |  7- 9 | 10-12 | 13-15 || total
-------------------------+-------+-------+-------+-------+-------++-------
Melee: Unarmed           |   157 |   253 |   556 |   871 |   628 ||  2465
 Cast: Beastly Appendage |     3 |    13 |     3 |       |       ||    19
       Sticks to Snakes  |       |     4 |     1 |       |       ||     5
       Spider Form       |       |     5 |    14 |     7 |     2 ||    28
       Ice Form          |       |       |     7 |    34 |     9 ||    50
       Blade Hands       |       |       |     2 |     7 |    18 ||    27
Evoke: Wand              |       |       |       |    15 |     4 ||    19
       Fan of gales      |       |       |       |     2 |     1 ||     3
  Use: Potion            |       |     1 |     9 |     2 |     9 ||    21
       Scroll            |       |     4 |     9 |    15 |     2 ||    30
 Stab: Sleeping          |       |     5 |     4 |     3 |     3 ||    15
       Invisible         |       |       |     4 |       |       ||     4
       Distracted        |       |       |     1 |     2 |     1 ||     4
       Petrified         |       |       |       |       |     3 ||     3
       Petrifying        |       |       |       |       |     1 ||     1
  Eat: Chunk             |     4 |     9 |    26 |    38 |    20 ||    97
       Royal jelly       |       |     1 |     2 |     3 |       ||     6
       Fruit             |       |       |       |     3 |       ||     3
       Beef jerky        |       |       |       |     3 |       ||     3
       Pizza             |       |       |       |       |     4 ||     4
